 Dungeon Crawl Stone Soup version 0.28-a0-563-gf77a47075d (webtiles) character file.

Game seed: 10468614405417537263

70 robertstho the Magician (level 4, 0/31 HPs)
             Began as a Djinni Fire Elementalist on Sept 29, 2021.
             Slain by a crimson imp (2 damage)
             ... summoned by Natasha
             ... on level 2 of the Dungeon.
             The game lasted 00:02:23 (2126 turns).

robertstho the Magician (Djinni Fire Elementalist)  Turns: 2126, Time: 00:02:23

Health: 0/31       AC:  2    Str:  7    XL:     4   Next: 44%
Gold:   31         EV: 12    Int: 17    God:
                   SH:  0    Dex: 14

rFire   + + .      SeeInvis .   j - +1 short sword (venom)
rCold   x . .      Faith    .   (no shield)
rNeg    . . .      Spirit   .   a - +0 robe
rPois   ∞          Reflect  .   (no helmet)
rElec   .          Harm     .   (no cloak)
rCorr   .          Rampage  .   (no gloves)
Will    .....                   (boots unavailable)
Stlth   ++........              (no amulet)
HPRegen 0.10/turn               (no ring)
MPRegen 0.00/turn               (no ring)

@: flying, very slightly contaminated
A: sickness immunity, fire resistance 2, cold vulnerability 1, float, innate
caster, hp casting, extra vitality 1
a: no special abilities


You were on level 2 of the Dungeon.
You visited 1 branch of the dungeon, and saw 2 of its levels.

You collected 79 gold pieces.
You spent 48 gold pieces at shops.

Inventory:

Hand Weapons
 b - a +0 dagger of speed
 j - a +1 short sword of venom (weapon)
Armour
 a - a +0 robe (worn)
Scrolls
 c - a scroll of magic mapping {unknown}
 d - a scroll of identify {unknown}
 g - a scroll of fear {unknown}
 h - a scroll of blinking {unknown}
 i - a scroll of vulnerability {unknown}
Potions
 e - a potion of degeneration
 f - 2 potions of curing
 k - a potion of attraction {unknown}


   Skills:
 * Level 0.6 Fighting
 + Level 2.3 Dodging
 + Level 1.5 Stealth
 * Level 3.7 Spellcasting


You couldn't memorise any spells.
You knew the following spells:

 Your Spells              Type           Power      Damage    Failure   Level
a - Foxfire               Conj/Fire      60%        2x1d7     3%          1
b - Scorch                Fire           30%        2d6       5%          2
c - Conjure Flame         Conj/Fire      15%        6-21      11%         3
d - Inner Flame           Hex/Fire       15%        N/A       11%         3
e - Flame Wave            Conj/Fire      15%        3d5       34%         4
f - Beastly Appendage     Tmut           30%        N/A       3%          1
Your spell library was empty.

Dungeon Overview and Level Annotations

Branches:
Dungeon (2/15)

Altars:

Shops:
D:1 !

Annotations:
D:2 Natasha


Innate Abilities, Weirdness & Mutations

You are immune to sickness and miasma.
You are immune to poison.
Your flesh is very heat resistant. (rF++)
You are vulnerable to cold. (rC-)
You float through the air rather than walking.
You learn spells naturally, not from books.
Your magical power is your life essence.
You have superior vitality. (+4 HP)


Message History

Casting: Foxfire (safe; 3% risk of failure)
Press: ? - help, Q - select action, (/) - cycle Dir - look around, f - activate You conjure some foxfire!
The foxfire hits Natasha.
Natasha is moderately wounded.
The foxfire hits Natasha.
Natasha is severely wounded.
The foxfire hits Natasha.
Natasha is almost dead.
Natasha casts a spell.
Casting: Foxfire (safe; 3% risk of failure)
Press: ? - help, Q - select action, (/) - cycle Dir - look around, f - activate You conjure some foxfire!
The crimson imp hits you.
Unknown command.
Casting: Foxfire (safe; 3% risk of failure)
Confirm with . or Enter, or press ? or * to list all spells.
Flames lash the crimson imp.
The crimson imp completely resists.
The foxfire hits the crimson imp but does no damage.
The foxfire hits the crimson imp.
The crimson imp completely resists.
Natasha hisses.
The crimson imp hits you.
* * * LOW HITPOINT WARNING * * *
Natasha claws you.
* * * LOW HITPOINT WARNING * * *
Casting: Scorch (safe; 5% risk of failure)
Confirm with . or Enter, or press ? or * to list all spells.
You miscast Scorch.
You are very lightly contaminated with residual magic.
Nothing appears to happen.
* * * LOW HITPOINT WARNING * * *
The crimson imp hits you.
* * * LOW HITPOINT WARNING * * *
Natasha barely misses you.
You hit Natasha but do no damage.
Natasha is almost dead.
Natasha barely misses you. The crimson imp puffs mist at you.
The crimson imp hits you.
You die...

#......# #.#.........
....... ..#.##.#..##
.....# ###.#..#..##
....# #........( #
...# #.#..###.# #.
..######.#..# ..
#.###)..........#####
#..#5h######.........
#..@..†.......######
####.########## #...#
#.#..>. ##.#.### # ##


You could see Natasha and a crimson imp (summoned).

Vanquished Creatures
  Natasha (D:2)
  A worm (D:2)
  5 endoplasms
  5 giant cockroaches
  5 goblins
  4 hobgoblins (D:1)
  6 kobolds
  2 ball pythons
  2 bats
  A frilled lizard (D:1)
  8 rats
40 creatures vanquished.

Vanquished Creatures (collateral kills)
  3 foxfires (D:1)
3 creatures vanquished.

Vanquished Creatures (others)
  154 foxfires
154 creatures vanquished.

Grand Total: 197 creatures vanquished

Notes
Turn   | Place    | Note
-------+----------+-------------------------------------------
     0 | D:1      | robertstho the Djinni Fire Elementalist began the quest for
                  | the Orb.
     0 | D:1      | Reached XP level 1. HP: 15/15 MP: 0/0
   313 | D:1      | Reached XP level 2. HP: 19/21 MP: 0/0
   712 | D:1      | Reached skill level 3 in Spellcasting
   945 | D:1      | Found Humashok's Distillery.
   953 | D:1      | Reached XP level 3. HP: 25/26 MP: 0/0
   953 | D:1      | Learned a level 1 spell: Beastly Appendage
   961 | D:1      | Bought a potion of degeneration for 12 gold pieces
   961 | D:1      | Bought a potion of curing for 36 gold pieces
  1349 | D:1      | Found a faded altar of an unknown god.
  2008 | D:2      | Noticed Natasha
  2014 | D:2      | Killed Natasha
  2015 | D:2      | Reached XP level 4. HP: 21/31 MP: 0/0
  2118 | D:2      | Noticed Natasha
  2126 | D:2      | Slain by a crimson imp

Illustrated notes

Levels and vault maps discovered:
D:1:      ebering_trefoil_3fold, layout_loops_ring, serial_shops,
          nicolae_shop_crystal, shapermc_ecumenical_altar_hornbeckon,
          minmay_liquid_box, st_stairs_8, grunt_decor_arrowhead
D:2:      layout_loops_ring, chequers_serial_rivers_small_b, uniq_natasha

Skill      XL: |  1  2 |
---------------+-------+-----
Spellcasting   | 3 |  3.7
Fighting       | |  0.6
Dodging        | |  2.3
Stealth        | |  1.5

Action                   |  1- 3 |  4- 6 || total
-------------------------+-------+-------++-------
Melee: Short sword       |     3 |     1 ||     4
 Cast: Foxfire           |    88 |    10 ||    98
       Scorch            |     1 |     4 ||     5
Armor: Robe              |     2 |       ||     2
Dodge: Dodged            |     7 |     2 ||     9

Table legend: (Time is in decaauts)
 A = Elapsed time spent in this place.
 B = Non-inter-level travel time spent in this place.
 C = Inter-level travel time spent in this place.
 D = Time resting spent in this place.
 E = Time spent auto-exploring this place.
 F = Levels seen in this place.
 G = Mean time per level.
                   A        B        C        D        E       F      G
               +--------+--------+--------+--------+--------+-----+--------+
         Total |   2125 |   2109 |     16 |      0 |   1882 |   2 | 1062.5 |
       Dungeon |   2125 |   2109 |     16 |      0 |   1882 |   2 | 1062.5 |
               +--------+--------+--------+--------+--------+-----+--------+

Top non-repeatable levels by time:
     D:1: 1671 daAuts
     D:2: 453 daAuts
